Match 41527176
Unlisted

Match 41527176
End
Kettenkrad Recon Vehicle
Construct Infanterie Kompanie
Grenadier Squad
Selects Mechanized Battlegroup
MG 42 Machine Gun Team
Grenadier Squad
Infanterie Officer Quarters
Sniper
Construct Panzergrenadier Kompanie
251 Medium Carrier
Grenadier Squad
Pak 40 Anti-tank Gun Team
Panzergrenadier Squad
Selects Raid Package
Selects Raid Package
Panzergrenadier Officer Quarters
Selects StuG Assault Group
StuG Assault Group
Selects Mobile Repair Stations
Panzergrenadier Squad
Pak 40 Anti-tank Gun Team
Construct Panzer Kompanie
Selects UNKNOWN (2160084)
Selects Wespe Self-propelled Artillery
Panther Heavy Tank
Medical Station
Selects Zeroing Artillery Barrage
Wespe Self-propelled Artillery
Sturmpanzer IV Brummbär
Side Skirts
Pioneer Squad
Repair Bunker
Panzer IV Medium Tank
Zeroing Artillery Barrage
Wespe Self-propelled Artillery
Panzergrenadier Squad
KevinTDW
Facki
Crichton Leprechaun
PlumApollo
0
0

Comments sign in to comment!

No comments posted yet!